 Dungeon Crawl Stone Soup version 0.23.2-11-gf996548 (webtiles) character file.

Game seed: 7946370566683124840

3998 Fang the Fighter (level 10, -6/65 HPs)
             Began as a Gargoyle Berserker on June 5, 2019.
             Was an Elder of Trog.
             Mangled by a death yak (15 damage)
             ... on level 8 of the Dungeon.
             The game lasted 00:07:09 (6913 turns).

Fang the Fighter (Gargoyle Berserker)               Turns: 6913, Time: 00:07:10

Health: -6/65      AC: 26    Str: 24    XL:     10   Next: 23%
Magic:  10/10      EV:  6    Int:  8    God:    Trog [****..]
Gold:   304        SH:  0    Dex:  9    Spells: 9/9 levels left

rFire    . . .     SeeInvis .   a - +0 war axe
rCold    . . .     Gourm    .   (no shield)
rNeg     + + .     Faith    .   b - +0 crystal plate armour
rPois    ∞         Spirit   .   (no helmet)
rElec    +         Reflect  .   (no cloak)
rCorr    .         Harm     .   (no gloves)
MR       .....                  (no boots)
Stlth    ..........             (no amulet)
HPRegen  0.20/turn              d - ring of positive energy
MPRegen  0.12/turn              (no ring)

@: berserk cooldown, slowed, very slow
A: negative energy resistance 1, electricity resistance, unbreathing,
petrification resistance, rot immunity, AC +7
a: Berserk, Trog's Hand, Brothers in Arms, Renounce Religion


You were on level 8 of the Dungeon.
You worshipped Trog.
Trog was greatly pleased with you.
You were very hungry.

You visited 2 branches of the dungeon, and saw 9 of its levels.
You also visited: Ossuary.

You collected 304 gold pieces.

Inventory:

Hand Weapons
 a - a +0 war axe (weapon)
 s - a +0 hand axe of venom
Armour
 b - a +0 crystal plate armour (worn)
Jewellery
 d - a ring of positive energy (left hand)
Wands
 g - a wand of acid (12)
Scrolls
 e - 4 scrolls of identify
 f - 4 scrolls of remove curse
 j - a scroll of summoning
 m - a scroll of holy word
Potions
 h - 6 potions of mutation
 i - 8 potions of curing
 k - 5 potions of heal wounds
 l - 2 potions of flight
 n - a potion of haste
 o - a potion of berserk rage
 p - a potion of might
Comestibles
 c - 13 rations
 q - a chunk of flesh


   Skills:
 + Level 8.6 Fighting
 + Level 7.2 Axes
 + Level 8.2 Armour
 + Level 6.3 Dodging


You had 9 spell levels left.
You didn't know any spells.
Your spell library was empty.

Dungeon Overview and Level Annotations

Branches:
Dungeon (8/15)             Temple (1/1) D:7
   Lair: D:8-11

Altars:
Qazlal
Wu Jian
Yredelemnul

Shops:
D:6 *}?:


Innate Abilities, Weirdness & Mutations

You are resistant to torment.
Your stone body is resilient. (AC +7)
You are immune to poison.
You resist negative energy. (rN+)
You are resistant to electric shocks. (rElec)
You can survive without breathing.
You are immune to petrification.
You are immune to rotting.


Message History

* * * LOW HITPOINT WARNING * * *
The death yak barely misses you.
The howler monkey zombie hits you but does no damage.
You hit the death yak.
The death yak is almost dead.
You slash the howler monkey zombie!
You destroy the howler monkey zombie!
Trog accepts your kill.
You completely miss the death yak. You hit the death yak but do no damage.
You are no longer berserk.
You are exhausted.
You feel yourself slow down.
The death yak gores you but does no damage. x2
You hit the death yak but do no damage.
The death yak is almost dead.
You hit the death yak but do no damage. You hit the death yak.
The death yak gores you.
* * * LOW HITPOINT WARNING * * *
The death yak gores you!
You die...

(#.##.........########....###
#.
##..#########...........<..#
## ##..# ##..########.######
#... ## ....(.! ### ...
####### #...
.....###################
......YY................
......Y@..............##
.......################
..#..#. #.. #. ... ## .. .


You could see 3 death yaks.

Vanquished Creatures
  Joseph (D:8)
  A hippogriff (D:7)
  A wraith (D:8)
  A hungry ghost (D:7)
  Duvessa (D:4)
  2 black bears (D:7)
  3 ice beasts
  2 ogres
  2 necrophages (D:8)
  A centaur (D:6)
  A big kobold (D:8)
  7 bullfrogs
  Dowan (D:4)
  An elf skeleton (D:8)
  A water moccasin zombie (D:7)
  2 scorpions
  A troll zombie (D:8)
  A water moccasin skeleton (D:8)
  6 killer bees (D:7)
  2 howler monkeys (D:7)
  3 crimson imps
  2 centaur zombies
  3 jellies
  2 centaur skeletons
  2 human zombies (D:8)
  2 hounds
  3 orc wizards
  A human skeleton (D:8)
  2 worker ants
  An iguana (D:8)
  2 killer bee zombies
  2 ogre zombies (D:8)
  A big kobold zombie (Ossuary)
  A hound skeleton (D:4)
  6 mummies
  A howler monkey zombie (D:8)
  11 adders
  6 gnolls
  A shadow imp (D:6)
  4 worms
  A dart slug (D:2)
  13 orcs
  2 ball pythons
  7 bats
  5 giant cockroaches
  2 gnoll zombies (D:7)
  6 goblins
  5 hobgoblins
  3 jackals (D:8)
  11 kobolds
  A quokka (D:7)
  5 frilled lizards
  2 hobgoblin zombies
  2 orc zombies
  2 quokka skeletons
  7 rats
168 creatures vanquished.

Notes
Turn   | Place    | Note
-------+----------+-------------------------------------------
     0 | D:1      | Fang the Gargoyle Berserker began the quest for the Orb.
     0 | D:1      | Reached XP level 1. HP: 14/14 MP: 1/1
   412 | D:1      | Reached XP level 2. HP: 19/19 MP: 2/2
   873 | D:2      | Reached XP level 3. HP: 24/24 MP: 3/3
   994 | D:2      | Found a stormy altar of Qazlal.
  1094 | D:2      | Reached XP level 4. HP: 29/29 MP: 4/4
  1228 | D:2      | Reached ** piety under Trog
  1813 | D:3      | Reached XP level 5. HP: 17/33 MP: 5/5
  2684 | D:4      | Noticed an ogre
  2692 | D:4      | Killed an ogre
  2692 | D:4      | Reached XP level 6. HP: 39/39 MP: 6/6
  2908 | D:4      | Noticed Duvessa
  2912 | D:4      | Noticed Dowan
  2938 | D:4      | Killed Duvessa
  2938 | D:4      | Reached skill level 5 in Fighting
  2938 | D:4      | Reached XP level 7. HP: 35/44 MP: 7/7
  2941 | D:4      | Killed Dowan
  3683 | D:5      | Entered Level 5 of the Dungeon
  4333 | D:5      | Reached skill level 5 in Armour
  4474 | D:6      | Reached XP level 8. HP: 51/51 MP: 8/8
  4488 | D:6      | Found Nyhec's Gadget Emporium.
  4608 | D:6      | Reached skill level 5 in Axes
  4697 | D:6      | Reached *** piety under Trog
  4706 | D:6      | Found Rittanea's Book Shop.
  4753 | D:6      | Found Atot's Gadget Shoppe.
  4948 | D:6      | Found Faps's Magic Scroll Shop.
  5020 | D:6      | Found Mycvir's General Store.
  5068 | D:7      | Found a sand-covered staircase.
  5086 | D:7      | Noticed a hippogriff
  5088 | Ossuary  | Entered an ossuary
  5393 | D:7      | Killed a hippogriff
  5393 | D:7      | Reached XP level 9. HP: 43/56 MP: 9/9
  5431 | D:7      | Reached skill level 5 in Dodging
  5806 | D:7      | Found a staircase to the Ecumenical Temple.
  5847 | Temple   | Entered the Ecumenical Temple
  6498 | D:8      | Noticed Joseph
  6511 | D:8      | Killed Joseph
  6619 | D:8      | Reached XP level 10. HP: 57/64 MP: 10/10
  6620 | D:8      | Reached **** piety under Trog
  6736 | D:8      | Found a basalt altar of Yredelemnul.
  6893 | D:8      | Noticed a death yak
  6895 | D:8      | Noticed a death yak
  6896 | D:8      | Noticed a death yak
  6913 | D:8      | Mangled by a death yak

Skill      XL: |  1  2  3  4  5  6  7  8  9 10 |
---------------+-------------------------------+-----
Axes           | 3 4 5 6 7 |  7.2
Dodging        | 2 3 4 6 |  6.3
Armour         | 3 4 5 6 7 8 |  8.2
Fighting       | 4 5 6 8 |  8.6

Action                   |  1- 3 |  4- 6 |  7- 9 | 10-12 || total
-------------------------+-------+-------+-------+-------++-------
Melee: Hand axe          |   101 |   231 |    40 |       ||   372
       War axe           |       |       |   454 |   133 ||   587
Invok: Berserk           |       |     2 |     3 |     1 ||     6
  Use: Scroll            |       |       |    24 |       ||    24
  Eat: Chunk             |     1 |     8 |    13 |     2 ||    24
       Ration            |       |       |     2 |       ||     2
Armor: Chain mail        |    50 |   196 |     7 |       ||   253
       Animal skin       |     3 |       |       |       ||     3
       Plate armour      |       |       |   219 |       ||   219
       Crystal plate arm |       |       |   221 |   110 ||   331
Dodge: Dodged            |    52 |   133 |   236 |    32 ||   453
